 Dungeon Crawl Stone Soup version 0.30.0-29-ga12c61a403 (webtiles) character file.

Game seed: 9760655463133613328

45 H0rd4k the Charlatan (level 3, -1/26 HPs)
             Began as a Human Artificer on June 23, 2023.
             Slain by a kobold
             ... wielding a +1 dagger of venom
              (2 damage)
             ... on level 2 of the Dungeon.
             The game lasted 00:01:27 (1241 turns).

H0rd4k the Charlatan (Human Artificer)              Turns: 1241, Time: 00:01:27

Health: -1/26      AC:  3    Str: 12    XL:     3   Next: 90%
Magic:  3/3        EV: 11    Int: 13    God:
Gold:   117        SH:  0    Dex: 13    Spells: 2/2 levels left

rFire   . . .        a - +0 club
rCold   . . .        (no shield)
rNeg    . . .        b - +0 leather armour
rPois   .            (no helmet)
rElec   .            (no cloak)
rCorr   .            (no gloves)
SInv    .            (no boots)
Will    .....        (no amulet)
Stlth   +            (no ring)
HPRegen 0.24/turn    (no ring)
MPRegen 0.08/turn

%: no passive effects
@: lethally poisoned (-1 -> -17)
A: no striking features
a: no special abilities


You were on level 2 of the Dungeon.
You visited 1 branch of the dungeon, and saw 2 of its levels.

You collected 117 gold pieces.

Inventory:

Hand Weapons
 a - a +0 club (weapon)
Missiles
 i - 6 atropa-tipped darts
Armour
 b - a +0 leather armour (worn)
Wands
 c - a wand of flame (11) (quivered)
 d - a wand of charming (14)
 e - a wand of iceblast (5)
Scrolls
 f - a scroll of teleportation {unknown}
 g - a scroll of identify {unknown}
 h - a scroll of magic mapping {unknown}
Potions
 j - a potion of heal wounds {unknown}
 k - a potion of attraction {unknown}
 l - 2 potions of curing {unknown}


   Skills:
 + Level 1.4 Fighting
 + Level 1.1 Maces & Flails
 - Level 2.2 Armour
 + Level 1.7 Dodging
 + Level 1.0 Stealth
 + Level 3.6 Evocations


You had 2 spell levels left.
You didn't know any spells.
Your spell library contained the following spells:

 Spells                   Type           Power      Damage    Failure   Level
 Summon Small Mammal      Summ           0%         N/A       36%         1
 Call Canine Familiar     Summ           0%         N/A       75%         3
 Ozocubu's Armour         Ice            0%         N/A       75%         3
 Summon Guardian Golem    Hex/Summ       0%         N/A       75%         3
 Ozocubu's Refrigeration  Ice            0%         4d7       100%        7


Dungeon Overview and Level Annotations

Branches:
Dungeon (2/15)

Altars:


Message History

Found a helmet.
You see here a +1 vampiric dagger.
A kobold comes into view. It is wielding a +1 dagger of venom.
The kobold shouts!
The kobold moves out of view.
The kobold throws a stone.
The stone closely misses you.
The kobold hits you with a +1 dagger of venom.
You are poisoned.
You hit the kobold but do no damage.
You feel very sick.
The kobold hits you with a +1 dagger of venom.
You are more poisoned.
You barely miss the kobold.
You feel very sick.
The kobold hits you with a +1 dagger of venom.
You are lethally poisoned!
You closely miss the kobold.
You feel very sick. The kobold barely misses you.
You are too injured to fight recklessly!
You are too injured to fight recklessly!
You are too injured to fight recklessly!
You are too injured to fight recklessly!
You are too injured to fight recklessly!
You are too injured to fight recklessly!
You hit the kobold but do no damage.
* * * LOW HITPOINT WARNING * * *
You feel very sick. The kobold closely misses you.
The kobold hits you with a +1 dagger of venom.
* * * LOW HITPOINT WARNING * * *
You are more poisoned.
Aiming: Throw Flame
Press: ? - help, Shift-Dir - straight line, f - kobold
Aim: a kobold, wielding a +1 dagger of venom and quivering stones (64% to hit)
The puff of flame misses the kobold.
* * * LOW HITPOINT WARNING * * *
You feel very sick.
The kobold hits you with a +1 dagger of venom.
You die...

#### ##......######
... #.............
#.##....#........
#.##.......#........
#..........#........
#####.).##.#........
##......#........
##.###....####........
#...K@....# #########
.......##...# .....#.
#...# .... .. #.....
... ### #.[.... ..
#....... . ##......


You could see a kobold.

Vanquished Creatures
  3 bats (D:1)
  5 endoplasms
  2 giant cockroaches (D:2)
  3 goblins
  5 hobgoblins
  5 jackals (D:1)
  3 kobolds (D:1)
  A quokka (D:1)
  6 ball pythons (D:1)
  2 frilled lizards
  3 rats
38 creatures vanquished.

Vanquished Creatures (others)
  A jackal (D:1)
1 creature vanquished.

Grand Total: 39 creatures vanquished

Notes
Turn   | Place    | Note
-------+----------+-------------------------------------------
     0 | D:1      | H0rd4k the Human Artificer began the quest for the Orb.
     0 | D:1      | Reached XP level 1. HP: 15/15 MP: 1/1
    96 | D:1      | Reached XP level 2. HP: 10/21 MP: 2/2
   504 | D:1      | Reached XP level 3. HP: 23/26 MP: 3/3
  1159 | D:2      | Reached skill level 1 in Maces & Flails
  1241 | D:2      | HP: 1/26 [poisoned by a kobold]
  1241 | D:2      | Slain by a kobold

Illustrated notes

Levels and vault maps discovered:
D:1:      nzn_arrival_depleted_hourglass, layout_basic
D:2:      layout_basic

Skill      XL: |  1  2  3 |
---------------+----------+-----
Maces & Flails | 1 |  1.1
Fighting       | |  1.4
Armour         | |  2.2
Dodging        | |  1.7
Stealth        | |  1.0
Evocations     | |  3.6

Action                     || total
---------------------------++-------
  Melee: Club              ||   181
         Punch             ||     3
  Evoke: Wand              ||     5
   Stab: Sleeping          ||     1
 Armour: Leather armour    ||    64
  Dodge: Dodged            ||   144
